 Dungeon Crawl Stone Soup version 0.27.1-34-g3ba077fa99 (webtiles) character file.

Game seed: 12572777319693882805

24586 McKennaii the Spear-Bearer (level 12, 0/121 HPs)
             Began as a Demonspawn Fighter on Jan 16, 2022.
             Was an Elder of Makhleb.
             Killed from afar by Erica (10 damage)
             ... with a bolt of poison
             ... on level 1 of the Lair of Beasts.
             The game lasted 00:30:43 (17248 turns).

McKennaii the Spear-Bearer (Demonspawn Fighter)    Turns: 17248, Time: 00:30:44

Health: 0/121      AC: 29    Str: 21    XL:     12   Next: 82%
Magic:  12/12      EV:  2    Int:  9    God:    Makhleb [****..]
Gold:   703        SH:  0    Dex: 14    Spells: 11/11 levels left

rFire    + . .     SeeInvis .   a - +8 lance "Wyrmbane" {slay drac, rPois rF+ rC+ AC+3}
rCold    + + +     Faith    .   c - +0 kite shield
rNeg     + + +     Spirit   .   (armour currently unavailable)
rPois    +         Reflect  .   (helmet currently unavailable)
rElec    .         Harm     .   (cloak currently unavailable)
rCorr    .         Rampage  .   (gloves currently unavailable)
Will     .....     Clarity  +   (boots currently unavailable) Stlth +.........NoTele +
                                (no amulet)
HPRegen  0.30/turn              E - ring of protection from cold
MPRegen  0.26/turn              O - ring of protection from cold

@: confused, brilliant, tree-form, ambrosia-drunk, attractive, hasted and
slowed, studying Bows
A: stationary, stasis, torment immunity, boosted hp, (hooves 1), repulsion field
2, demonic guardian 2, magic regeneration, (horns 1), clarity, frail 1, (poison
resistance)
a: Renounce Religion, Minor Destruction, Lesser Servant of Makhleb, Major
Destruction


You were on level 1 of the Lair of Beasts.
You worshipped Makhleb.
Makhleb was greatly pleased with you.
You were a tree.
You visited 2 branches of the dungeon, and saw 13 of its levels.

You collected 703 gold pieces.

Inventory:

Hand Weapons
 a - the +8 lance "Wyrmbane" (weapon) {slay drac, rPois rF+ rC+ AC+3}
   (You found it on level 5 of the Dungeon)

   It inflicts extra damage against dragons and draconians.
   AC:        It affects your AC (+3).
   rF:        It protects you from fire.
   rC:        It protects you from cold.
   rPois:     It protects you from poison.
 G - the +6 long sword of Penlohun {vorpal, rElec rF+ Will+ Str+4}
   (You found it on level 8 of the Dungeon)

   It inflicts extra damage upon your enemies.
   Str:       It affects your strength (+4).
   rF:        It protects you from fire.
   rElec:     It insulates you from electricity.
   Will:      It increases your willpower.
Armour
 b - a +0 plate armour
 c - a +0 kite shield (worn)
 h - a +0 pair of gloves (melded)
 i - a +1 cloak (melded)
 A - a +4 scale mail (melded)
 P - a +0 helmet (melded)
Jewellery
 q - a ring of fire
 E - a ring of protection from cold (left branch)
 J - a ring of ice
 O - a ring of protection from cold (right branch)
 T - a ring of see invisible
 U - a ring of ice
Wands
 u - a wand of iceblast (9)
 F - a wand of acid (18)
 H - a wand of mindburst (4)
 M - a wand of digging (6)
 R - a wand of flame (15)
Scrolls
 e - 2 scrolls of holy word {unknown}
 f - a scroll of summoning {unknown}
 j - 13 scrolls of identify {unknown}
 l - 5 scrolls of noise {unknown}
 m - a scroll of enchant weapon {unknown}
 n - 3 scrolls of vulnerability {unknown}
 o - a scroll of acquirement {unknown}
 s - 2 scrolls of immolation {unknown}
 t - 5 scrolls of teleportation {unknown}
 v - 2 scrolls of amnesia {unknown}
 w - 3 scrolls of fear {unknown}
 x - a scroll of brand weapon {unknown}
 y - 3 scrolls of torment {unknown}
 D - a scroll of silence {unknown}
 K - 2 scrolls of enchant armour {unknown}
 N - a scroll of blinking {unknown}
 Q - a scroll of fog {unknown}
Potions
 d - 5 potions of might
 g - 2 potions of invisibility
 k - 3 potions of lignification
 p - 2 potions of haste
 B - 2 potions of flight
 C - 3 potions of magic
 I - 3 potions of brilliance
 L - a potion of attraction
 S - 2 potions of resistance


   Skills:
 + Level 7.5 Fighting
 - Level 12.0 Polearms
 + Level 10.9 Armour
 + Level 10.9 Shields


You had 11 spell levels left.
You didn't know any spells.
Your spell library contained the following spells:

 Spells                   Type           Power      Damage    Failure   Level
 Apportation              Tloc           0%         N/A       56%         1
 Foxfire                  Conj/Fire      0%         2x1d4     56%         1
 Magic Dart               Conj           0%         1d3       56%         1
 Blink                    Tloc           N/A        N/A       71%         2
 Searing Ray              Conj           0%         3d3       71%         2
 Call Canine Familiar     Summ           0%         N/A       90%         3
 Conjure Flame            Conj/Fire      0%         6-21      90%         3
 Dazzling Flash           Conj/Hex       0%         N/A       90%         3
 Ignite Poison            Fire/Tmut/Pois 0%         N/A       90%         3
 Inner Flame              Hex/Fire       0%         N/A       90%         3
 Lesser Beckoning         Tloc           0%         N/A       90%         3
 Mephitic Cloud           Conj/Pois/Air  0%         N/A       90%         3
 Portal Projectile        Hex/Tloc       0%         N/A       90%         3
 Tukima's Dance           Hex            0%         N/A       90%         3
 Fulminant Prism          Conj/Hex       0%         3d6       100%        4
 Leda's Liquefaction      Hex/Erth       0%         N/A       100%        4
 Passage of Golubria      Tloc           N/A        N/A       100%        4
 Sticky Flame             Conj/Fire      0%         2d3       100%        4
 Agony                    Necr           0%         N/A       100%        5
 Alistair's Intoxication  Tmut/Pois      0%         N/A       100%        5
 Blade Hands              Tmut           0%         N/A       100%        5
 Bolt of Magma            Conj/Fire/Erth 0%         4d4       100%        5
 Irradiate                Conj/Tmut      0%         3d13      100%        5
 Manifold Assault         Tloc           0%         N/A       100%        5
 Silence                  Hex/Air        0%         N/A       100%        5
 Summon Forest            Summ/Tloc      0%         N/A       100%        5
 Yara's Violent Unravell  Hex/Tmut       0%         3d3       100%        5
 Eringya's Noxious Bog    Tmut/Pois      0%         N/A       100%        6
 Invisibility             Hex            0%         N/A       100%        6
 Dragon Form              Tmut           0%         N/A       100%        7
 Summon Hydra             Summ           0%         N/A       100%        7


Dungeon Overview and Level Annotations

Branches:
Dungeon (12/15)            Temple (0/1) D:7            Lair (1/6) D:9
    Orc (0/2) D:11

Altars:
Gozag
Hepliaklqana
Makhleb
Nemelex Xobeh
Okawaru
Sif Muna
Xom
Yredelemnul
The Shining One

Shops:
D:5 (

Annotations:
Lair:1 Erica


Innate Abilities, Weirdness & Mutations

You are a tree.
Your roots penetrate the ground, keeping you stationary.
You cannot be teleported.
You are immune to unholy pain and torment.
Your maximum health is greatly increased.
Your equipment is partially melded.
((You have large cloven feet.))
You are surrounded by a moderate repulsion field. (EV +3)
A demonic guardian rushes to your aid.
You regenerate magic rapidly.
((You have a pair of small horns on your head.))
You possess an exceptional clarity of mind.
You are frail. (-10% HP)
((Your system is resistant to poisons. (rPois)))


Message History

Your hellwing hits the wolf. x2; Something hits you but does no damage.
It was a potion of attraction.
You feel attractive to monsters.
You feel sick.
The wolf bites your hellwing but does no damage.
Your hellwing hits the wolf.
The wolf dies!
Makhleb accepts your kill. Something hits you but does no damage.
Unknown command.
It was a potion of flight.
Your roots keep you in place.
You feel sick. Something hits you but does no damage.
It was a potion of ambrosia.
You are more confused.
You feel invigorated.
You feel sick. Something hits you!
* * * LOW HITPOINT WARNING * * *
Something burns you.
* * * LOW HITPOINT WARNING * * *
It was a potion of mutation.
You feel extremely strange.
You feel frail. A pair of horns grows on your head!
Your thoughts seem clearer.
You feel resistant to poisons.
You feel sick. Something hits you.
* * * LOW HITPOINT WARNING * * *
Okay, then.
You cannot move. (Use ctrl+direction or * direction to attack without moving.) Unknown command.
You attack the rock wall.
You feel sick.
You are no longer poisoned.
Something hits you but does no damage.
Unknown command.
Something hits you!
* * * LOW HITPOINT WARNING * * *
Something burns you.
* * * LOW HITPOINT WARNING * * *
Unknown command.
You hear some strange, mumbled words.
A bolt of poison appears from out of thin air!
The bolt of poison hits you! You resist.
You die...

##### ##...####
##.>.....# ##...#..P.#
#######..........
####.###{##..#.....###..
$......♣4..........###..
########...........##...
###...P†##....####..
####.......#.....##....
#................##.#..
#..#.##..###..#....#...
##...##..###..#..#..##.
#.#†.#..##...#)....... #
#.#..#..##^.##..##.##.


You could see a friendly hellwing (summoned).

Vanquished Creatures
  Fannar (D:12)
  2 hydras
  Harold (D:7)
  3 two-headed ogres
  The ghost of Stajl the Grappler, a novice TrFi of Trog (D:7)
  The ghost of brob1 the Nimble, a novice DjFE of Dithmenos (D:8)
  An orc knight (D:11)
  The ghost of vim the Chopper, a novice VSFi of Qazlal (D:8)
  An orc sorcerer (D:11)
  3 slime creatures (D:12)
  A cyclops (D:8)
  Joseph (Lair:1)
  2 black mambas (Lair:1)
  An unseen horror (D:12)
  A gargoyle (D:12)
  A cane toad (Lair:1)
  A komodo dragon (Lair:1)
  6 trolls
  A polar bear (Lair:1)
  4 blink frogs (Lair:1)
  Sigmund (D:4)
  2 wraiths (D:10)
  A human (D:7)
  3 hogs (D:7)
  24 yaks
  Eustachio (D:6)
  10 vampire mosquitoes
  A steam dragon (D:6)
  2 wargs
  An acid dragon (D:11)
  8 water moccasins
  5 orc warriors
  2 black bears
  2 ice beasts
  3 ogres (D:5)
  A sky beast (D:8)
  10 centaurs
  A necrophage (D:6)
  2 phantoms
  2 gnoll sergeants
  4 kobold brigands
  8 bullfrogs
  A scorpion (D:6)
  A water moccasin skeleton (D:7)
  2 killer bees (D:5)
  5 wights
  2 electric eels (D:7)
  2 centaur zombies
  5 orc priests
  2 hounds (D:6)
  Crazy Yiuf (D:3)
  A gnoll shaman (D:8)
  3 iguanas
  8 orc wizards
  A howler monkey zombie (D:8)
  15 gnolls
  6 adders
  A howler monkey skeleton (D:5)
  A shadow imp (D:8)
  A white imp (D:5)
  4 dart slugs
  41 orcs
  9 ball pythons
  6 bats
  6 endoplasms
  3 giant cockroaches
  7 goblins
  7 hobgoblins
  6 jackals
  3 quokkas (D:2)
  5 frilled lizards
  27 kobolds
  5 rats
315 creatures vanquished.

Vanquished Creatures (collateral kills)
  A slime creature (D:12)
  3 yaks
  A wolf (Lair:1)
  A killer bee (D:5)
  An orc priest (D:3)
  An orc wizard (D:3)
  A killer bee zombie (D:4)
  A hound zombie (D:5)
  2 orcs
  A jackal (D:4)
13 creatures vanquished.

Vanquished Creatures (others)
  An orc wizard (D:3)
  11 fungi (Lair:1)
  21 plants
33 creatures vanquished.

Grand Total: 361 creatures vanquished

Notes
Turn   | Place    | Note
-------+----------+-------------------------------------------
     0 | D:1      | McKennaii the Demonspawn Fighter began the quest for the
                  | Orb.
     0 | D:1      | Reached XP level 1. HP: 18/18 MP: 1/1
    39 | D:1      | Reached skill level 2 in Polearms
   341 | D:1      | Found a faded altar of an unknown god.
   363 | D:1      | Gained mutation: You are surrounded by a mild repulsion
                  | field. (EV +2) [demonic ancestry]
   363 | D:1      | Reached XP level 2. HP: 16/24 MP: 2/2
   868 | D:1      | Reached XP level 3. HP: 29/29 MP: 3/3
  1700 | D:2      | Reached skill level 3 in Polearms
  1700 | D:2      | Gained mutation: A weak demonic guardian rushes to your
                  | aid. [demonic ancestry]
  1700 | D:2      | Reached XP level 4. HP: 27/35 MP: 4/4
  2217 | D:2      | Found an opulent altar of Gozag.
  2377 | D:3      | Reached XP level 5. HP: 29/41 MP: 5/5
  2894 | D:3      | Found a shimmering blue altar of Sif Muna.
  2926 | D:3      | Reached skill level 4 in Polearms
  3226 | D:3      | Found a runed translucent door.
  3227 | D:3      | Noticed Crazy Yiuf
  3719 | D:4      | Found a hazy altar of Hepliaklqana.
  4051 | D:4      | Noticed Sigmund
  4422 | D:4      | Noticed a black bear
  4461 | D:4      | Killed a black bear
  4462 | D:4      | Reached XP level 6. HP: 20/47 MP: 6/6
  4748 | D:3      | Killed Crazy Yiuf
  5511 | D:4      | Found a burning altar of Makhleb.
  5525 | D:4      | Became a worshipper of Makhleb the Destroyer
  5638 | D:4      | Found a sparkling altar of Nemelex Xobeh.
  5855 | D:5      | Entered Level 5 of the Dungeon
  5861 | D:5      | Found the +8 lance "Wyrmbane" {slay drac, rPois rF+ rC+
                  | AC+3}
  5893 | D:5      | Found Tuihuet's Antique Weapon Shoppe.
  6052 | D:5      | Reached skill level 5 in Polearms
  6052 | D:5      | Gained mutation: You regenerate magic rapidly. [demonic
                  | ancestry]
  6052 | D:5      | Reached XP level 7. HP: 52/52 MP: 7/7
  6549 | D:5      | Found a shimmering altar of Xom.
  6563 | D:5      | Reached skill level 6 in Polearms
  6752 | D:6      | Noticed a troll
  6761 | D:6      | Killed a troll
  6762 | D:6      | Reached skill level 5 in Armour
  6762 | D:6      | Reached skill level 5 in Shields
  6762 | D:6      | Reached XP level 8. HP: 41/58 MP: 8/8
  7052 | D:4      | Killed Sigmund
  7199 | D:6      | Reached skill level 7 in Polearms
  7389 | D:6      | Identified the +5 whip of Unuweiw {freeze, MP+9 Int+4}
  7423 | D:6      | Reached * piety under Makhleb
  7543 | D:6      | Reached XP level 9. HP: 63/63 MP: 9/9
  7597 | D:6      | Reached skill level 8 in Polearms
  7830 | D:6      | Noticed Eustachio
  8101 | D:6      | Killed Eustachio
  8550 | D:7      | Found a runed translucent gate.
  8550 | D:7      | Found a runed translucent gate.
  8550 | D:7      | Found a runed translucent gate.
  8550 | D:7      | Noticed Stajl's ghost (novice TrFi)
  8552 | D:7      | Noticed vim's ghost (novice VSFi)
  8552 | D:7      | Noticed brob1's ghost (novice DjFE)
  8569 | D:7      | Found a staircase to the Ecumenical Temple.
  8641 | D:7      | Reached skill level 9 in Polearms
  8685 | D:7      | Noticed Harold
  8882 | D:7      | Found an iron altar of Okawaru.
  8935 | D:7      | Gained mutation: You have large cloven feet. [demonic
                  | ancestry]
  8935 | D:7      | Reached XP level 10. HP: 48/70 MP: 10/10
  9126 | D:7      | Noticed a two-headed ogre
  9138 | D:7      | Killed a two-headed ogre
  9231 | D:7      | Reached skill level 10 in Polearms
  9851 | D:7      | Killed Harold
  9992 | D:8      | Identified the +6 long sword of Penlohun {vorpal, rElec rF+
                  | Will+ Str+4}
 10079 | D:8      | Identified the +5 whip "Luont" {vorpal, rC- Str+7 Dex-4}
 10154 | D:8      | Reached ** piety under Makhleb
 10822 | D:8      | Noticed a cyclops
 10829 | D:8      | Killed a cyclops
 11236 | D:9      | Noticed a two-headed ogre
 11458 | D:9      | Killed a two-headed ogre
 11459 | D:9      | Reached skill level 11 in Polearms
 11523 | D:9      | Gained mutation: A demonic guardian rushes to your aid.
                  | [demonic ancestry]
 11523 | D:9      | Reached XP level 11. HP: 75/75 MP: 11/11
 11524 | D:9      | Found a staircase to the Lair.
 11738 | D:9      | Noticed a two-headed ogre
 11749 | D:9      | Killed a two-headed ogre
 11996 | D:9      | Found a basalt altar of Yredelemnul.
 12210 | D:8      | Killed vim's ghost
 12402 | D:8      | Killed brob1's ghost
 12473 | D:7      | Killed Stajl's ghost
 12710 | D:10     | Entered Level 10 of the Dungeon
 12894 | D:9      | Reached *** piety under Makhleb
 13122 | D:10     | Reached skill level 12 in Polearms
 14001 | D:11     | Noticed an orc knight
 14004 | D:11     | Noticed an orc sorcerer
 14166 | D:11     | Killed an orc knight
 14404 | D:11     | Killed an orc sorcerer
 14503 | D:11     | Found a staircase to the Orcish Mines.
 14741 | D:11     | Noticed a seven-headed hydra
 14752 | D:11     | Killed a seven-headed hydra
 14753 | D:11     | Reached skill level 5 in Fighting
 14753 | D:11     | Gained mutation: You are surrounded by a moderate repulsion
                  | field. (EV +3) [demonic ancestry]
 14753 | D:11     | Reached XP level 12. HP: 36/86 MP: 12/12
 15166 | D:11     | Reached **** piety under Makhleb
 15760 | D:12     | Reached skill level 10 in Shields
 15932 | D:11     | Reached skill level 10 in Armour
 16098 | D:12     | Noticed Fannar
 16161 | D:12     | Killed Fannar
 16446 | Lair:1   | Entered Level 1 of the Lair of Beasts
 16756 | Lair:1   | Noticed an eight-headed hydra
 16773 | Lair:1   | Killed an eight-headed hydra
 17022 | Lair:1   | Noticed Joseph
 17045 | Lair:1   | Killed Joseph
 17210 | Lair:1   | Noticed Erica
 17244 | Lair:1   | Gained mutation: You are frail. (-10% HP) [potion of
                  | mutation]
 17244 | Lair:1   | Gained mutation: You have a pair of small horns on your
                  | head. [potion of mutation]
 17244 | Lair:1   | Gained mutation: You possess an exceptional clarity of
                  | mind. [potion of mutation]
 17244 | Lair:1   | Gained mutation: Your system is resistant to poisons.
                  | (rPois) [potion of mutation]
 17248 | Lair:1   | Killed from afar by Erica

Illustrated notes

Levels and vault maps discovered:
D:1:      dpeg_arrival_rooms_with_view, layout_basic,
          shapermc_ecumenical_altar_gd
D:2:      layout_basic, basic_altar, corexii_item_surrounded_by_moat
D:3:      layout_rooms, kennysheep_orc_sif_temple, minmay_pentomino_pile,
          uniq_crazy_yiuf_cottage
D:4:      layout_basic, lemuel_doored_altar, lemuel_round_altar,
          nemelex_dance_club_becter, chequers_hall_statues_corner_a,
          uniq_sigmund
D:5:      layout_basic, mainiacjoe_overflow_chevrons, serial_shops,
          nicolae_take_the_stairs
D:6:      minmay_razor_zed, layout_basic, minmay_manual_mares, uniq_eustachio
D:7:      layout_rooms, okawaru_ov_weapons_minmay, minmay_temple_entry_arrows,
          gammafunk_ghost_cemetery, corexii_hall_statues_x,
          minmay_misc_feat_pillars, minmay_misc_feat_more_columns,
          minmay_hedge_maze, serial_bayou_ford_a, grunt_livestock, uniq_harold
D:8:      layout_basic, kennysheep_just_a_vault
D:9:      layout_cave_pods, kennysheep_mini, lair_entry_dummy
D:10:     layout_long_grid, mainiacjoe_overflow_alcove_4, abandoned_shop,
          kennysheep_nub
D:11:     layout_basic, erik_orc_4, serial_corexii_hall, corexii_hall_statues_t,
          corexii_hall_statues_x, corexii_hall_statues_l
D:12:     layout_rooms, serial_bayou_pond_e, uniq_fannar
Lair:1:   layout_loops_ring, uniq_erica, uniq_joseph

Skill      XL: |  1  2  3  4  5  6  7  8  9 10 11 12 |
---------------+-------------------------------------+-----
Polearms       | 2 3 4 5 6 7 9 11 12 | 12.0
Shields        | 3 4 5 6 7 8 9 10 | 10.9
Armour         | 3 4 5 7 8 9 10 | 10.9
Fighting       | 5 7 |  7.5

Action                   |  1- 3 |  4- 6 |  7- 9 | 10-12 || total
-------------------------+-------+-------+-------+-------++-------
Melee: Trident           |   119 |   256 |       |       ||   375
       Lance             |       |     9 |   243 |   821 ||  1073
       Unarmed           |       |     6 |       |       ||     6
       Kick              |       |       |       |   219 ||   219
Evoke: Wand              |       |     1 |     2 |    28 ||    31
  Use: Potion            |       |     4 |       |     8 ||    12
 Stab: Distracted        |       |       |       |     3 ||     3
Armor: Scale mail        |    49 |    87 |    86 |   237 ||   459
       Skin              |       |       |       |     7 ||     7
Dodge: Dodged            |    37 |   114 |    71 |   191 ||   413
Block: Kite shield       |    62 |   105 |    99 |   318 ||   584
